AoeStats
← GhostPants

Yucatan

510403598Analyzed
3v3 RM · 1d ago on Sep 30, 2026· 43m 16s· 6 players
Game mode
Random Map
Map size
Normal (6 player)
Population
200
Speed
Normal
Resources
Standard
Victory
Conquest
Starting age
Dark Age
Ending age
Imperial Age
RankedLock teamsTeams togetherTeam positionsShared explorationLock speedFull tech treeHidden civsTurbo modeCheats
Victory
Defeat
🇨🇾 Byzantines · Cyprus
1099
+11
🇨🇾 Spanish · Cyprus
1077
+12
🇨🇾 Franks · Cyprus
1066
+13
🇦🇷 Goths · Argentina
1021
-13
🇦🇷 Mongols · Argentina
1020
-13
🇦🇷 Huns · Argentina
949
-31
Tobianot
11:40 Loom
13:28 Feudal Age
15:39 Horse Collar
17:11 Double-Bit Axe
20:37 Castle Age
21:21 Forging
21:11 Scale Mail Armor
22:04 Heavy Plow
25:19 Gold Mining
26:26 Fletching
27:14 Town Watch
29:40 Wheelbarrow
29:27 Chain Mail Armor
29:47 Iron Casting
30:57 Scale Barding Armor
32:07 Bloodlines
31:59 Husbandry
34:40 Hand Cart
38:06 Pikeman
38:47 Squires
41:49 Imperial Age
40:33 Chain Barding Armor
40:48 Iron Casting
43:43 Blast Furnace
Jorge
11:42 Feudal Age
12:17 Loom
26:53 Castle Age
Larichi
10:59 Feudal Age
11:37 Loom
13:14 Double-Bit Axe
15:41 Castle Age
15:50 Forging
21:12 Bloodlines
22:35 Gold Mining
23:10 Fletching
23:10 Town Watch
24:25 Husbandry
25:57 Horse Collar
26:39 Bow Saw
35:40 Imperial Age
35:37 Stone Mining
36:22 Gold Shaft Mining
37:45 Heavy Camel Rider
40:09 Wheelbarrow
40:23 Ballistics
43:20 Hand Cart
Freaky GHOSTMAN cY
5:15 Loom
12:53 Feudal Age
13:36 Double-Bit Axe
17:44 Castle Age
16:52 Wheelbarrow
16:46 Gold Mining
19:56 Bow Saw
20:27 Forging
20:13 Pikeman
21:21 Husbandry
24:53 Horse Collar
33:52 Imperial Age
33:36 Hand Cart
34:01 Iron Casting
34:03 Murder Holes
33:50 Treadmill Crane
35:06 Scale Barding Armor
34:32 Cavalier
35:20 Stone Mining
37:01 Halberdier
37:42 Squires
37:27 Gambesons
37:47 Scale Mail Armor
39:19 Conscription
40:11 Ballistics
40:52 Chemistry
40:16 Chain Barding Armor
40:13 Chain Mail Armor
39:50 Fletching
40:51 Gold Shaft Mining
41:16 Heavy Plow
42:18 Two-Man Saw
42:02 Paladin
Polis
9:59 Loom
12:53 Feudal Age
14:42 Double-Bit Axe
17:31 Castle Age
19:46 Wheelbarrow
18:57 Town Watch
19:54 Horse Collar
22:55 Hand Cart
27:04 Heavy Plow
31:10 Imperial Age
29:17 Bow Saw
29:21 Town Patrol
30:39 Ballistics
30:31 Masonry
30:16 Murder Holes
34:03 Chemistry
33:33 Architecture
33:20 Fletching
33:30 Padded Archer Armor
33:42 Forging
33:28 Gold Mining
34:15 Caravan
34:55 Thumb Ring
36:13 Two-Man Saw
36:30 Conscription
36:32 Fortified Wall
41:25 Iron Casting
40:46 Bodkin Arrow
40:51 Scale Mail Armor
41:06 Leather Archer Armor
40:57 Scale Barding Armor
GhostPants
2:44 Loom
12:24 Feudal Age
17:03 Castle Age
15:55 Double-Bit Axe
18:31 Scale Barding Armor
20:59 Chain Barding Armor
20:09 Elite Skirmisher
23:20 Fletching
24:45 Pikeman
25:39 Padded Archer Armor
27:07 Bodkin Arrow
33:56 Imperial Age
32:03 Wheelbarrow
31:33 Scale Mail Armor
31:43 Forging
32:15 Murder Holes
33:29 Hand Cart
33:05 Town Watch
34:13 Husbandry
35:27 Cavalier
36:25 Gold Mining
38:25 Chemistry
38:14 Plate Barding Armor
39:31 Stone Mining
40:17 Gold Shaft Mining
39:18 Paladin
41:00 Ballistics
41:18 Iron Casting
40:59 Leather Archer Armor
40:59 Chain Mail Armor
41:57 Town Patrol
42:51 Bow Saw
42:12 Halberdier
42:54 Squires
Connection lost

Rejoining the realm…

Still unreachable

The connection could not be restored.

Session expired

The server has moved on; the page needs a fresh start.